 Dungeon Crawl Stone Soup version 0.29.1-15-g9cfb28693d (webtiles) character file.

Game seed: 2094552195801769740

1663 manyhoops the Covert (level 9, -4/57 HPs)
             Began as an Octopode Transmuter on Apr 11, 2023.
             Was an Initiate of Gozag.
             Slain by a centaur
             ... wielding the +12 war axe "Citix" {flame, +Blink rC+ Will+}
              (25 damage)
             ... on level 6 of the Dungeon.
             The game lasted 00:09:30 (7967 turns).

manyhoops the Covert (Octopode Transmuter)          Turns: 7967, Time: 00:09:30

Health: -4/57      AC:  2    Str: 13    XL:     9   Next: 1%
Magic:  9/12       EV: 19    Int: 20    God:    Gozag
Gold:   214        SH:  0    Dex: 20    Spells: 2/12 levels left

rFire   + . .      SeeInvis .     - Unarmed
rCold   x . .      Faith    .   (shield currently unavailable)
rNeg    . . .      Spirit   .   (helmet currently unavailable)
rPois   x          Reflect  .   (no amulet)
rElec   .          Harm     .   r - ring "Belu" {Fire Int+4 Dex+3 Slay+3}
rCorr   .          Rampage  .   (no ring)
Will    .....                   (no ring)
Stlth   ++++......              (no ring)
HPRegen 0.19/turn               (no ring)
MPRegen 0.13/turn               (no ring)
                                (no ring)
                                (no ring)

@: spider-form, gold aura
A: venomous fangs, almost no armour, (amphibious), 8 rings, tiny, (camouflage
1), (gelatinous body 1), (nimble swimmer 1), (tentacles)
a: End Transformation, Renounce Religion, Potion Petition, Call Merchant, Bribe
Branch


You were on level 6 of the Dungeon.
You worshipped Gozag.
Gozag was aware of your devotion.
You were a venomous arachnid creature.
You visited 1 branch of the dungeon, and saw 6 of its levels.

You collected 285 gold pieces.
You paid 71 gold pieces to Gozag.

Inventory:

Jewellery
 r - the ring "Belu" (left front leg) {Fire Int+4 Dex+3 Slay+3}
   (You found it on level 3 of the Dungeon)

   [ring of fire]

   It enhances your fire magic.
   Int:       It affects your intelligence (+4).
   Dex:       It affects your dexterity (+3).
   Slay:      It affects your accuracy & damage with ranged weapons and melee
   (+3).
   rF:        It protects you from fire.
   rC:        It makes you vulnerable to cold.
 B - a ring of ice
Wands
 a - a wand of roots (5)
 b - a wand of quicksilver (11)
Scrolls
 c - 2 scrolls of poison
 d - a scroll of silence {unknown}
 e - a scroll of noise {unknown}
 f - a scroll of summoning {unknown}
 i - a scroll of immolation {unknown}
 j - a scroll of teleportation
 o - a scroll of amnesia {unknown}
 p - a scroll of torment {unknown}
 q - a scroll of vulnerability {unknown}
 w - a scroll of enchant armour {unknown}
 x - a scroll of brand weapon {unknown}
 y - 2 scrolls of identify
 A - a scroll of fear {unknown}
Potions
 g - 4 potions of flight
 h - a potion of invisibility {unknown}
 k - 2 potions of mutation {unknown}
 l - a potion of degeneration
 m - 2 potions of brilliance {unknown}
 n - a potion of ambrosia {unknown}
 s - a potion of haste
 t - 2 potions of berserk rage {unknown}
 u - a potion of lignification
 v - a potion of attraction {unknown}
 z - 4 potions of curing {unknown}


   Skills:
 - Level 3.5 Fighting
 - Level 2.0 Dodging
 - Level 8.1 Stealth
 - Level 6.4 Unarmed Combat
 - Level 2.0 Spellcasting
 - Level 4.2 Transmutations
 + Level 3.9 Ice Magic
 - Level 3.9 Poison Magic


You had 2 spell levels left.
You knew the following spells:

 Your Spells              Type           Power      Damage    Failure   Level
a - Beastly Appendage     Tmut           38%        N/A       10%         1
b - Wereblood             Tmut           19%        N/A       13%         2
c - Spider Form           Tmut/Pois      18%        N/A       22%         3
d - Ice Form              Ice/Tmut       18%        N/A       50%         4

Your spell library contained the following spells:

 Spells                   Type           Power      Damage    Failure   Level


Dungeon Overview and Level Annotations

Branches:
Dungeon (6/15)
 Temple: D:4-7

Altars:
Gozag
Makhleb
Okawaru
Xom
The Shining One

Shops:
D:2 [


Innate Abilities, Weirdness & Mutations

You are a venomous arachnid creature.
You have poisonous fangs.
You are tiny and dextrous.
Your spellcasting is less reliable in this form.
Your armour is entirely melded.
You are incapable of wielding weapons or throwing items.
You cannot wear most types of armour.
((You are amphibious.))
You can wear up to eight rings at the same time.
((Your skin changes colour to match your surroundings (Stealth+).))
((Your rubbery body absorbs attacks. (AC +1, EV +1)))
((You are camouflaged when in or above water. (Stealth+)))
((You have tentacles for arms and can constrict up to eight enemies at once.))


Message History

Casting: Wereblood (safe; 4% risk of failure)
Confirm with . or Enter, or press ? or * to list all spells.
You turn into a venomous arachnid creature.
Unknown command.
The orc barely misses you.
You hit the orc.
The orc is poisoned.
The orc is severely wounded.
You kill the orc!
The centaur is distracted by your dazzling golden aura.
Casting: Spider Form (dangerous; 22% risk of failure)
Confirm with . or Enter, or press ? or * to list all spells.
Okay, then.
Casting: Spider Form (dangerous; 22% risk of failure)
Confirm with . or Enter, or press ? or * to list all spells.
Okay, then.
The centaur is no longer distracted by gold.
The centaur shouts!
The centaur zaps a wand.
The puff of flame misses you.
The centaur shoots an arrow.
The arrow misses you.
The centaur unwields a +0 shortbow.
The centaur wields the +12 war axe "Citix" {flame, +Blink rC+ Will+}.
It bursts into flame!
The centaur hits you with the +12 war axe "Citix" {flame, +Blink rC+ Will+}!
The centaur closely misses you.
You bite the centaur!
The centaur is poisoned.
The centaur is moderately wounded.
The centaur hits you with the +12 war axe "Citix" {flame, +Blink rC+ Will+}!
The centaur burns you. The centaur kicks you. The centaur misses you.
The centaur closely misses you.
You are too injured to fight recklessly!
You are too injured to fight recklessly!
You are too injured to fight recklessly!
You hit the centaur.
The centaur looks as sick as possible!
The centaur is heavily wounded.
The centaur zaps a wand.
The puff of flame misses you.
You barely miss the centaur.
The centaur is heavily wounded.
The centaur hits you with the +12 war axe "Citix" {flame, +Blink rC+ Will+}!!
You die...
Your body crumbles into a pile of gold.

#.........#
#...#..)..#####
#.........# #....#.))..#
#.....^...###....#...).#
#...<.....#.....######+#
#.........#.#...#
#..########.....#.# ##.
##...##.##### # #c..#
...'. .. #.s.##...#
.<.#....#..#
.......#.#..#
.......$$...#
....###.#...## ....
#.##..# ... ..##..# .. $
#.###..# #. #$..#


You could see a centaur (extremely poisoned).

Vanquished Creatures
  Grinder (D:4)
  Eustachio (D:4)
  An ice beast (D:5)
  2 black bears
  An ogre (D:6)
  A centaur (D:5)
  A kobold brigand (D:6)
  Blork the orc (D:6)
  A necrophage (D:5)
  2 scorpions (D:5)
  A howler monkey (D:5)
  A jelly (D:6)
  A hound (D:6)
  A gnoll bouda (D:5)
  2 orc priests (D:5)
  Crazy Yiuf (D:2)
  Ijyb (D:3)
  2 iguanas (D:4)
  2 orc wizards (D:5)
  Robin (D:3)
  4 adders
  10 gnolls
  3 worms (D:4)
  2 dart slugs
  8 orcs
  3 endoplasms
  3 giant cockroaches
  12 goblins
  9 hobgoblins
  3 quokkas
  4 ball pythons
  5 bats
  A frilled lizard (D:2)
  13 kobolds
  2 rats
107 creatures vanquished.

Vanquished Creatures (others)
  A plant (D:6)
1 creature vanquished.

Grand Total: 108 creatures vanquished

Notes
Turn   | Place    | Note
-------+----------+-------------------------------------------
     0 | D:1      | manyhoops the Octopode Transmuter began the quest for the
                  | Orb.
     0 | D:1      | Reached XP level 1. HP: 13/13 MP: 3/3
   164 | D:1      | Reached XP level 2. HP: 15/18 MP: 3/5
   451 | D:1      | Found a faded altar of an unknown god.
   512 | D:1      | Learned a level 2 spell: Wereblood
   683 | D:1      | Reached XP level 3. HP: 24/24 MP: 4/6
  1500 | D:2      | Learned a level 3 spell: Spider Form
  1759 | D:2      | Found Enuoqeb's Armour Shop.
  1986 | D:2      | Found a runed translucent door.
  1987 | D:2      | Noticed Crazy Yiuf
  1993 | D:2      | Killed Crazy Yiuf
  1994 | D:2      | Reached skill level 1 in Poison Magic
  1994 | D:2      | Reached XP level 4. HP: 29/29 MP: 7/7
  2596 | D:3      | Noticed Ijyb
  2619 | D:3      | Killed Ijyb
  2620 | D:3      | Reached XP level 5. HP: 11/34 MP: 6/8
  2944 | D:3      | Noticed a black bear
  2990 | D:3      | Noticed Robin
  2999 | D:3      | Killed Robin
  3154 | D:3      | Identified the ring "Belu" {Fire Int+4 Dex+3 Slay+3}
  3588 | D:4      | Noticed Grinder
  3778 | D:4      | Noticed Eustachio
  3797 | D:4      | Killed Eustachio
  3798 | D:4      | Reached XP level 6. HP: 39/39 MP: 6/9
  3958 | D:4      | Found a burning altar of Makhleb.
  4908 | D:4      | Noticed a black bear
  5259 | D:4      | Killed Grinder
  5260 | D:4      | Reached skill level 5 in Unarmed Combat
  5260 | D:4      | Reached XP level 7. HP: 38/46 MP: 7/10
  5933 | D:5      | Entered Level 5 of the Dungeon
  5950 | D:5      | Reached skill level 2 in Stealth
  5950 | D:5      | Reached XP level 8. HP: 41/52 MP: 11/11
  6025 | D:5      | Reached skill level 4 in Stealth
  6064 | D:5      | Reached skill level 5 in Stealth
  6156 | D:5      | Learned a level 4 spell: Ice Form
  6235 | D:5      | Reached skill level 6 in Stealth
  6562 | D:5      | Reached skill level 7 in Stealth
  6891 | D:5      | Found a shimmering altar of Xom.
  6891 | D:5      | Found an iron altar of Okawaru.
  7090 | D:5      | Found a glowing golden altar of the Shining One.
  7095 | D:5      | Found an opulent altar of Gozag.
  7150 | D:5      | Reached skill level 8 in Stealth
  7195 | D:5      | Became a worshipper of Gozag Ym Sagoz the Greedy
  7545 | D:6      | Noticed Blork the orc
  7560 | D:6      | Killed Blork the orc
  7561 | D:6      | Reached skill level 1 in Ice Magic
  7921 | D:6      | Reached XP level 9. HP: 57/57 MP: 8/12
  7955 | D:6      | Identified the +12 war axe "Citix" {flame, +Blink rC+
                  | Will+}
  7967 | D:6      | Slain by a centaur

Illustrated notes

Levels and vault maps discovered:
D:1:      wander_arrival_fairy_ring, layout_basic, basic_ecumenical_altar
D:2:      layout_loops_corners, serial_shops, shop, uniq_crazy_yiuf_cottage
D:3:      layout_basic, minmay_misc_feat_roman, minmay_pentomino_pile,
          uniq_ijyb, uniq_robin
D:4:      layout_loops_corners, mainiacjoe_overflow_six_doors_small,
          uniq_grinder, uniq_eustachio
D:5:      layout_loops_ring, minitemple
D:6:      corexii_shantytown, layout_rooms, minmay_temple_entry_statues_pillars,
          uniq_blork_the_orc

Skill      XL: |  1  2  3  4  5  6  7  8 |
---------------+-------------------------+-----
Unarmed Combat | 4 5 6 |  6.4
Fighting       | 2 3 |  3.5
Poison Magic   | 1 2 3 |  3.9
Transmutations | 4 |  4.2
Stealth        | 2 8 |  8.1
Ice Magic      | 3 |  3.9
Dodging        | |  2.0
Spellcasting   | |  2.0

Action                   |  1- 3 |  4- 6 |  7- 9 || total
-------------------------+-------+-------+-------++-------
Melee: Unarmed           |    55 |   110 |   107 ||   272
       Kick              |    20 |    20 |       ||    40
       Constrict         |    15 |    17 |       ||    32
       Tentacles         |    13 |    13 |     2 ||    28
       Punch             |     1 |     2 |     1 ||     4
 Cast: Beastly Appendage |    24 |    17 |       ||    41
       Wereblood         |       |     9 |     4 ||    13
       Spider Form       |       |    13 |    15 ||    28
  Use: Potion            |     1 |     4 |     4 ||     9
       Scroll            |       |     3 |     2 ||     5
 Stab: Sleeping          |     6 |     5 |     2 ||    13
Armor: Skin              |     2 |     1 |    23 ||    26
Dodge: Dodged            |    31 |    68 |    85 ||   184
